 Dungeon Crawl Stone Soup version 0.30-a0-1094-g860fb061e7 (webtiles) character file.

Game seed: 6645175338807235206

6 xian the Vexing (level 1, 0/13 HPs)
             Began as a Demonspawn Enchanter on Apr 17, 2023.
             Frozen to death by an endoplasm (1 damage)
             ... on level 1 of the Dungeon.
             The game lasted 00:00:43 (239 turns).

xian the Vexing (Demonspawn Enchanter)               Turns: 239, Time: 00:00:44

Health: 0/13       AC:  2    Str:  8    XL:     1   Next: 75%
Magic:  3/3        EV: 12    Int: 16    God:
Gold:   14         SH:  0    Dex: 13    Spells: 4/4 levels left

rFire   . . .      SeeInvis .    a - +1 dagger
rCold   . . .      Faith    .    (no shield)
rNeg    . . .      Spirit   .    b - +0 robe
rPois   .          Reflect  .    (no helmet)
rElec   .          Rampage  .    (no cloak)
rCorr   .                        (no gloves)
Will    .....                    (no boots)
Stlth   ++                       (no amulet)
HPRegen 0.22/turn                (no ring)
MPRegen 0.08/turn                (no ring)

@: invisible
A: no striking features
a: no special abilities


You were on level 1 of the Dungeon.
You visited 1 branch of the dungeon, and saw 1 of its levels.

You collected 14 gold pieces.

Inventory:

Hand Weapons
 a - a +1 dagger (weapon)
Armour
 b - a +0 robe (worn)
Scrolls
 f - a scroll of butterflies {unknown}
Potions
 c - a potion of invisibility
 d - 2 potions of curing {unknown}
 e - a potion of flight {unknown}


   Skills:
 + Level 0.8 Short Blades
 + Level 1.9 Dodging
 + Level 2.8 Stealth
 + Level 2.1 Spellcasting
 + Level 3.1 Hexes


You had 4 spell levels left.
You didn't know any spells.
Your spell library contained the following spells:

 Spells                   Type           Power      Damage    Failure   Level
 Ensorcelled Hibernation  Hex/Ice        12%        N/A       17%         2
 Confusing Touch          Hex            11%        N/A       17%         3
 Tukima's Dance           Hex            11%        N/A       17%         3
 Dazzling Flash           Conj/Hex       12%        N/A       32%         3


Dungeon Overview and Level Annotations

Branches:
Dungeon (1/15)

Altars:


Message History

A kobold comes into view. It is wielding a +0 club.
The kobold shouts!
The kobold hits you with a +0 club.
You hit the kobold but do no damage. The kobold hits you with a +0 club.
You hit the kobold.
You kill the kobold!
Found a scroll labelled QOAMUU HUPLAX.
You see here a +0 club.
Found 6 gold pieces.
Found a ruby potion.
A rat comes into view.
Found a ruby potion.
A jackal comes into view.
The jackal barks!
A frilled lizard comes into view.
Found 7 gold pieces.
An endoplasm comes into view.
A goblin comes into view. It is wielding a +0 club.
The goblin shouts!
You hit the jackal but do no damage. The jackal closely misses you.
The jackal bites you.
There are monsters nearby!
The jackal attacks as you move away!
The jackal bites you but does no damage.
The jackal attacks as you move away! The jackal closely misses you.
The endoplasm misses you. The jackal bites you.
The endoplasm attacks as you move away!
The endoplasm hits you but does no damage.
The endoplasm attacks as you move away! The endoplasm hits you.
The jackal closely misses you. The endoplasm attacks as you move away!
The endoplasm hits you. The jackal bites you.
* * * LOW HITPOINT WARNING * * *
The jackal bites you.
* * * LOW HITPOINT WARNING * * *
The endoplasm attacks as you move away!
The endoplasm hits you but does no damage.
You fade into invisibility!
The endoplasm freezes you.
You die...

......... ... .# ####.##.#
#.###.# ####..... r!..... #.....
......#.# ###..... #?...
........# ........ #... .....#...
.......# #.. .....##..
.......###### #.# ######.###.
...!........# #@######....#.# #.
....$.......####Jh...##....#.# #.
.............l...)...##....#.####
#..........................#.#.##
.#####...............##....#.#.##
#...............##....#.#...
#.......................#.##
#............)........###.#
#.........................#


You could see an endoplasm and a jackal (unable to see you).

Vanquished Creatures
  2 goblins (D:1)
  2 bats (D:1)
  A frilled lizard (D:1)
  A kobold (D:1)
  A rat (D:1)
7 creatures vanquished.

Notes
Turn   | Place    | Note
-------+----------+-------------------------------------------
     0 | D:1      | xian the Demonspawn Enchanter began the quest for the Orb.
     0 | D:1      | Reached XP level 1. HP: 13/13 MP: 3/3
   239 | D:1      | Frozen to death by an endoplasm

Illustrated notes

Levels and vault maps discovered:
D:1:      nagdon_arrival_zigzag_paths, layout_basic, minmay_pentomino_v4

Action                     || total
---------------------------++-------
  Melee: Dagger            ||    12
    Use: Potion            ||     1
   Stab: Sleeping          ||     4
 Armour: Robe              ||     3
  Dodge: Dodged            ||     8

Table legend: (Time is in decaauts)
 A = Elapsed time spent in this place.
 B = Non-inter-level travel time spent in this place.
 C = Inter-level travel time spent in this place.
 D = Time resting spent in this place.
 E = Time spent auto-exploring this place.
 F = Levels seen in this place.
 G = Mean time per level.
                   A        B        C        D        E       F      G
               +--------+--------+--------+--------+--------+-----+--------+
         Total |    238 |    238 |      0 |      0 |    142 |   1 |  238.0 |
       Dungeon |    238 |    238 |      0 |      0 |    142 |   1 |  238.0 |
               +--------+--------+--------+--------+--------+-----+--------+

Top non-repeatable levels by time:
     D:1: 238 daAuts
